 Dungeon Crawl Stone Soup version 0.30.0-19-g36f170ea60 (webtiles) character file.

Game seed: 14161607487421314088

551 MacCMillion the Chopper (level 7, -7/52 HPs)
             Began as a Formicid Fighter on May 30, 2023.
             Mangled by Blork the orc
             ... wielding a +3 trident of venom
              (11 damage)
             ... on level 5 of the Dungeon.
             The game lasted 00:03:42 (4422 turns).

MacCMillion the Chopper (Formicid Fighter)          Turns: 4422, Time: 00:03:42

Health: -7/52      AC: 15    Str: 22    XL:     7   Next: 54%
Magic:  7/7        EV:  8    Int:  8    God:
Gold:   223        SH:  6    Dex: 19    Spells: 6/6 levels left

rFire   . . .        a - +0 war axe
rCold   . . .        c - +0 buckler
rNeg    . . .        v - +0 chain mail
rPois   .            (helmet unavailable)
rElec   .            (no cloak)
rCorr   .            k - +0 pair of gloves
SInv    +            q - +0 pair of boots
Will    .....        (no amulet) Stlth
                     j - +4 ring of protection
HPRegen 0.28/turn    m - +6 ring of dexterity
MPRegen 0.10/turn

%: no passive effects
@: lethally poisoned (-7 -> -16)
A: permanent stasis, dig shafts and tunnels, antennae 3, four strong arms
a: Dig, Shaft Self


You were on level 5 of the Dungeon.
You visited 1 branch of the dungeon, and saw 5 of its levels.

You collected 223 gold pieces.

Inventory:

Hand Weapons
 a - a +0 war axe (weapon)
Armour
 c - a +0 buckler (worn)
 k - a +0 pair of gloves (worn)
 q - a +0 pair of boots (worn)
 v - a +0 chain mail (worn)
Jewellery
 j - a +4 ring of protection (left hand)
 m - a +6 ring of dexterity (right hand)
Wands
 t - a wand of mindburst (6)
Scrolls
 e - a scroll of poison {unknown}
 f - 7 scrolls of identify {unknown}
 i - 2 scrolls of immolation
 l - a scroll of brand weapon {unknown}
 n - a scroll of enchant armour {unknown}
 o - a scroll of blinking {unknown}
 w - 2 scrolls of amnesia {unknown}
 x - a scroll of fear {unknown}
 y - a scroll of acquirement {unknown}
 A - a scroll of summoning {unknown}
Potions
 b - a potion of degeneration {unknown}
 d - 4 potions of might
 g - a potion of lignification {unknown}
 h - 3 potions of mutation {unknown}
 p - 3 potions of heal wounds {unknown}
 r - 2 potions of invisibility {unknown}
 s - 2 potions of ambrosia {unknown}
 u - a potion of resistance {unknown}
 z - 2 potions of haste {unknown}
 B - a potion of curing {unknown}


   Skills:
 - Level 3.2 Fighting
 + Level 7.6 Axes
 - Level 3.7 Armour
 - Level 4.0 Shields


You had 6 spell levels left.
You didn't know any spells.
Your spell library contained the following spells:

 Spells                   Type           Power      Damage    Failure   Level
 Freeze                   Ice            0%         1d3       98%         1
 Frozen Ramparts          Ice            0%         1d1       100%        3
 Hailstorm                Conj/Ice       0%         3d3       100%        3


Dungeon Overview and Level Annotations

Branches:
Dungeon (5/15)
 Temple: D:4-7

Altars:
Ashenzari
Makhleb
Yredelemnul
The Shining One

Annotations:
D:4 1 runed translucent door, klichko's ghost, amateur KoBr
D:5 Blork the orc


Innate Abilities, Weirdness & Mutations

You cannot be hasted, slowed, berserked, paralysed or teleported.
You can dig through walls and to a lower floor.
You have a pair of large antennae on your head. (SInv)
Your four strong arms can wield two-handed weapons with a shield.


Message History

Blork the orc barely misses you. The grasping roots constrict you.
Blork the orc hits you with a +3 trident of venom.
You are poisoned.
The grasping roots constrict you.
You hit Blork the orc.
Blork the orc is moderately wounded.
You feel very sick.
Blork the orc frowns.
Blork the orc hits you with a +3 trident of venom!
You are more poisoned.
The grasping roots constrict you. Blork the orc casts a spell at you.
The magic dart hits you. The grasping roots constrict you.
The grasping roots release their grip on you.
You barely miss Blork the orc.
Blork the orc is lightly wounded.
You feel very sick.
Blork the orc zaps a wand.
The roots erupt in riotous growth!
The grasping roots grab you!
Blork the orc is unaffected.
The grasping roots constrict you.
* * * LOW HITPOINT WARNING * * *
You block Blork the orc's attack. The grasping roots constrict you.
You hear a howl!
You closely miss Blork the orc.
Blork the orc is lightly wounded.
You hit the iguana.
* * * LOW HITPOINT WARNING * * *
You feel very sick.
Blork the orc hits you but does no damage.
The grasping roots constrict you.
A scorpion comes into view.
The iguana bites you but does no damage.
The grasping roots release their grip on you.
You closely miss Blork the orc.
Blork the orc is lightly wounded.
You hit the iguana.
* * * LOW HITPOINT WARNING * * *
You feel very sick.
Blork the orc hits you with a +3 trident of venom!
You die...

........#########
..............#
####............########
.......)........'..รท....
###............########
#..............#
#..............#
#........#.....#
#.....@..#.....#
#....lo..#######
#........# #........#
#........# ..........#
##.###.#### # #. #s . .


You could see Blork the orc (fast), a scorpion and an iguana.

Vanquished Creatures
  An ice beast (D:5)
  An ogre (D:5)
  A bullfrog (D:5)
  A scorpion (D:5)
  2 hounds
  A sleepcap (D:4)
  An iguana (D:5)
  Ijyb (D:3)
  3 adders
  An ufetubus (D:4)
  2 worms
  A dart slug (D:1)
  3 orcs
  8 ball pythons
  3 bats (D:1)
  4 endoplasms
  A giant cockroach (D:4)
  13 goblins
  4 hobgoblins
  6 jackals
  3 quokkas
  2 frilled lizards (D:3)
  3 kobolds
  2 rats (D:1)
68 creatures vanquished.

Notes
Turn   | Place    | Note
-------+----------+-------------------------------------------
     0 | D:1      | MacCMillion the Formicid Fighter began the quest for the
                  | Orb.
     0 | D:1      | Reached XP level 1. HP: 18/18 MP: 1/1
   110 | D:1      | Reached XP level 2. HP: 24/24 MP: 2/2
   508 | D:1      | Reached XP level 3. HP: 29/29 MP: 3/3
   514 | D:1      | Reached skill level 3 in Axes
  1201 | D:2      | Reached XP level 4. HP: 35/35 MP: 4/4
  1782 | D:3      | Noticed Ijyb
  1784 | D:3      | Reached skill level 4 in Axes
  1795 | D:3      | HP: 1/35 [Ijyb/+0 dagger (1)]
  1796 | D:3      | Killed Ijyb
  2136 | D:3      | Identified the +5 short sword of Keefitonk {chaos, Int+3}
  2259 | D:3      | Reached XP level 5. HP: 41/41 MP: 5/5
  2828 | D:4      | Reached skill level 5 in Axes
  2894 | D:4      | Found a runed translucent door.
  2894 | D:4      | Noticed klichko's ghost (amateur KoBr)
  2949 | D:4      | Found a burning altar of Makhleb.
  2949 | D:4      | Noticed a blizzard demon
  3185 | D:4      | Found a basalt altar of Yredelemnul.
  3196 | D:4      | Found a glowing golden altar of the Shining One.
  3198 | D:4      | Noticed an angel
  3450 | D:4      | Identified the +2 whip "Itraig" {flame, rC++ rN+++ Int-5
                  | Dex-4}
  3531 | D:5      | Entered Level 5 of the Dungeon
  3581 | D:5      | Reached XP level 6. HP: 47/47 MP: 6/6
  3602 | D:5      | Reached skill level 6 in Axes
  3634 | D:5      | Found a broken altar of Ashenzari.
  3726 | D:5      | Reached XP level 7. HP: 39/52 MP: 7/7
  4032 | D:5      | Reached skill level 7 in Axes
  4412 | D:5      | Noticed Blork the orc
  4422 | D:5      | Mangled by Blork the orc

Illustrated notes

Levels and vault maps discovered:
D:1:      zaba_arrival_water, layout_loops_cross, skrybe_limestone_x,
          minmay_crystal_room, chequers_arboretum, minivault_26
D:2:      layout_loops_corners
D:3:      kennysheep_goblin_castle, layout_basic,
          nicolae_kite_square_tiling_tiny, hangedman_decor_points,
          nicolae_figureground_sparkle
D:4:      layout_loops_corners, grunt_temple_overflow_holy_war,
          makhleb_altar_promises_db, ebering_ghost_inner_flame
D:5:      layout_basic, cheibrodos_ashenzari_chains, uniq_eustachio,
          uniq_blork_the_orc, uniq_prince_ribbit1

Skill      XL: |  1  2  3  4  5  6  7 |
---------------+----------------------+-----
Axes           | 3 4 5 6 7 |  7.6
Fighting       | |  3.2
Armour         | |  3.7
Shields        | |  4.0

Action                     |  1- 3 |  4- 6 |  7- 9 || total
---------------------------+-------+-------+-------++-------
  Melee: War axe           |    54 |   136 |    39 ||   229
 Armour: Scale mail        |    22 |    35 |       ||    57
         Chain mail        |       |    35 |    17 ||    52
  Dodge: Dodged            |    30 |    60 |     6 ||    96
  Block: Buckler           |    15 |    42 |    14 ||    71
